 Dungeon Crawl Stone Soup version 0.27.0-1-g7a089689b8 (webtiles) character file.

Game seed: 9016878261960592764

33 Acheron the Chopper (level 3, -4/49 HPs)
             Began as a Minotaur Berserker on Aug 1, 2021.
             Was a Follower of Trog.
             Slain by a worm (7 damage)
             ... on level 2 of the Dungeon.
             The game lasted 00:04:03 (1413 turns).

Acheron the Chopper (Minotaur Berserker)            Turns: 1413, Time: 00:04:03

Health: -4/49      AC: 21    Str: 21    XL:     3   Next: 12%
Magic:  2/2        EV:  2    Int:  5    God:    Trog [*.....]
Gold:   27         SH:  2    Dex:  9    Spells: 2/2 levels left

rFire    . . .     SeeInvis .   a - +0 hand axe
rCold    . . .     Faith    .   d - +0 buckler
rNeg     + + +     Spirit   .   (armour currently unavailable)
rPois    +         Reflect  .   (helmet currently unavailable)
rElec    .         Harm     .   (cloak currently unavailable)
rCorr    .         Rampage  .   (gloves currently unavailable)
Will     .....     NoTele   +   (boots currently unavailable)
Stlth    +.........             (no amulet)
HPRegen  0.16/turn              (no ring)
MPRegen  0.08/turn              (no ring)

@: lethally poisoned (-4 -> -5), tree-form
A: stationary, stasis, torment immunity, boosted hp, (horns 2), (retaliatory
headbutt)
a: Renounce Religion, Berserk


You were on level 2 of the Dungeon.
You worshipped Trog.
Trog was aware of your devotion.
You were a tree.
You visited 1 branch of the dungeon, and saw 2 of its levels.

You collected 67 gold pieces.
You spent 40 gold pieces at shops.

Inventory:

Hand Weapons
 a - a +0 hand axe (weapon)
 i - a +0 short sword
Missiles
 c - a throwing net (quivered)
Armour
 b - a +0 animal skin (melded)
 d - a +0 buckler (worn)
Scrolls
 e - a scroll of enchant armour {unknown}
 f - a scroll of teleportation {unknown}
 g - a scroll of noise {unknown}
Potions
 k - a potion of brilliance


   Skills:
 + Level 4.0 Fighting
 + Level 4.2 Axes
 + Level 3.2 Armour
 + Level 2.4 Dodging


You had 2 spell levels left.
You didn't know any spells.
Your spell library was empty.

Dungeon Overview and Level Annotations

Branches:
Dungeon (2/15)

Altars:

Shops:
D:1 *

Annotations:
D:1 exclusion: downstairs


Innate Abilities, Weirdness & Mutations

You are a tree.
Your roots penetrate the ground, keeping you stationary.
You cannot be teleported.
You are immune to unholy pain and torment.
Your maximum health is greatly increased.
Your equipment is partially melded.
((You have a pair of horns on your head.))
((You reflexively headbutt those who attack you in melee.))


Message History

You hit the adder.
The adder is heavily wounded.
The adder bites you. The adder closely misses you.
You closely miss the adder. Your headbutt misses the adder.
The adder is heavily wounded.
The adder bites you.
You are poisoned.
The adder poisons you!
You closely miss the adder. Your headbutt misses the adder.
The adder is heavily wounded.
You feel sick. The adder completely misses you. The adder bites you.
You are more poisoned.
The adder poisons you!
You barely miss the adder. Your headbutt misses the adder.
The adder is heavily wounded.
You feel very sick. The adder misses you.
You miss the adder.
The adder is heavily wounded.
You feel sick. The adder misses you.
You miss the adder. Your headbutt misses the adder.
The adder is heavily wounded.
You hit the worm.
You feel sick. The adder bites you but does no damage. The adder bites you.
The worm completely misses you.
You miss the adder.
The adder is heavily wounded.
You completely miss the worm.
You feel sick. The adder bites you. The worm bites you!
* * * LOW HITPOINT WARNING * * *
The adder misses you.
Really quaff the potion of lignification?
You turn into a tree.
Your +0 animal skin melds into your body.
Your roots penetrate the ground.
You feel sick. The adder bites you but does no damage.
You slash the adder!
You kill the adder!
Trog accepts your kill.
You hit the worm.
You feel sick. The worm bites you!
You die...

.. .# .# .# .#
#########.#
....w.....#
..#.########...#
.....>†♣w)<)†..#
#.#.########..##
###. #....# #<..
..........h..
##............
......##....h
..........h..
#.######h....
###...


You could see a worm.

Vanquished Creatures
  2 adders (D:2)
  3 bats
  5 goblins
  2 hobgoblins (D:1)
  2 jackals (D:2)
  A quokka (D:1)
  3 ball pythons (D:1)
  3 frilled lizards (D:1)
  2 kobolds
  2 rats (D:1)
25 creatures vanquished.

Vanquished Creatures (others)
  A plant (D:1)
1 creature vanquished.

Grand Total: 26 creatures vanquished

Notes
Turn   | Place    | Note
-------+----------+-------------------------------------------
     0 | D:1      | Acheron the Minotaur Berserker began the quest for the Orb.
     0 | D:1      | Reached XP level 1. HP: 19/19 MP: 0/0
   120 | D:1      | Found a faded altar of an unknown god.
   134 | D:1      | Found a faded altar of an unknown god.
   275 | D:1      | Found Miciodwa's General Store.
   337 | D:1      | Bought a scroll of identify for 20 gold pieces
   421 | D:1      | Reached XP level 2. HP: 23/27 MP: 1/1
  1175 | D:1      | Bought a scroll of identify for 20 gold pieces
  1211 | D:2      | Reached XP level 3. HP: 12/33 MP: 2/2
  1413 | D:2      | Slain by a worm

Illustrated notes

Levels and vault maps discovered:
D:1:      matt_arrival_los_fun, layout_basic, serial_shops, shop,
          hellmonk_ecumenical_altar_the_god_not_taken, chequers_big_river
D:2:      layout_loops_ring, chequers_serial_rivers_small_a

Skill      XL: |  1  2 |
---------------+-------+-----
Axes           | 4 |  4.2
Armour         | 3 |  3.2
Fighting       | 4 |  4.0
Dodging        | |  2.4

Action                   || total
-------------------------++-------
Melee: Hand axe          ||    44
       Headbutt          ||     7
  Use: Scroll            ||     2
       Potion            ||     1
Armor: Animal skin       ||     8
       Skin              ||     1
Dodge: Dodged            ||    31
Block: Buckler           ||     3
